 Dungeon Crawl Stone Soup version 0.20-a0-1040-gfd09691 (console) character file.

25497 gressup the Geomancer (level 13, -6/80 HPs)
             Began as a Gargoyle Earth Elementalist on Apr 23, 2017.
             Was a High Priest of Vehumet.
             Killed from afar by EyeSore's ghost (43 damage)
             ... with a bolt of magma
             ... on level 4 of the Lair of Beasts.
             The game lasted 00:52:22 (19978 turns).

gressup the Geomancer (GrEE)                       Turns: 19978, Time: 00:52:23

Health: -6/80      AC: 17    Str: 13    XL:     13   Next: 19%
Magic:  2/31       EV: 15    Int: 20    God:    Vehumet [*****.]
Gold:   401        SH:  5    Dex: 14    Spells: 9/24 levels left

rFire    . . .     SeeInvis .   a - staff of earth
rCold    . . .     Gourm    .   t - +0 buckler
rNeg     + . .     Faith    .   c - +0 robe
rPois    ∞         Spirit   .   w - +0 helmet
rElec    +         Reflect  .   q - +0 cloak
rCorr    .         Harm     .   M - +1 pair of gloves
MR       .....                  (no boots)
Stlth    ++........             G - amulet of magic regeneration
Regen    0.3/turn               H - ring of wizardry
MPRegen  0.4/turn               C - ring of magical power

@: no status effects
A: icy blue scales 1, agile 2, negative energy resistance 1, sense surroundings
1, electricity resistance, unbreathing, petrification resistance, rot immunity,
AC +9
a: Renounce Religion


You were on level 4 of the Lair of Beasts.
You worshipped Vehumet.
Vehumet was extremely pleased with you.
You were hungry.

You visited 3 branches of the dungeon, and saw 15 of its levels.

You collected 689 gold pieces.
You spent 288 gold pieces at shops.

Inventory:

Hand Weapons
 r - a +0 mace
 L - a +4 quarterstaff of chaos
Missiles
 n - 40 stones (quivered)
 s - 4 javelins
Armour
 c - a +0 robe (worn)
 q - a +0 cloak (worn)
 t - a +0 buckler (worn)
 w - a +0 helmet (worn)
 M - a +1 pair of gloves (worn)
Magical Staves
 a - an uncursed staff of earth (weapon)
Jewellery
 h - a +3 ring of protection
 u - an uncursed ring of see invisible
 C - a ring of magical power (right hand)
 G - an amulet of magic regeneration (around neck)
 H - a ring of wizardry (left hand)
Wands
 p - a wand of polymorph (9/24)
 B - a wand of digging (7/24)
 E - a wand of acid (0/15)
Scrolls
 i - 10 scrolls of remove curse
 v - 4 scrolls of teleportation
 y - 4 scrolls of recharging
 J - 3 scrolls of amnesia
Potions
 e - 2 potions of flight
 f - 4 potions of might
 g - 4 potions of haste
 j - 6 potions of heal wounds
 k - a potion of cancellation
 m - 3 potions of curing
 x - 2 potions of brilliance
 A - a potion of berserk rage
 F - 2 potions of lignification
 O - a potion of degeneration
Books
 I - a book of Battle

   Spells                             Type                      Level
   a - Infusion                       Charms                       1
   b - Shroud of Golubria             Charms/Translocation         2
   c - Song of Slaying                Charms                       2
   d - Spectral Weapon                Hexes/Charms                 3
   e - Regeneration                   Charms/Necromancy            3
 K - a book of Air

   Spells                             Type                      Level
   a - Shock                          Conjuration/Air              1
   b - Swiftness                      Charms/Air                   2
   c - Static Discharge               Conjuration/Air              3
   d - Airstrike                      Air                          4
   e - Lightning Bolt                 Conjuration/Air              5
 N - a book of Necromancy

   Spells                             Type                      Level
   a - Pain                           Necromancy                   1
   b - Animate Skeleton               Necromancy                   1
   c - Vampiric Draining              Necromancy                   3
   d - Regeneration                   Charms/Necromancy            3
   e - Animate Dead                   Necromancy                   4
   f - Control Undead                 Necromancy                   4
Comestibles
 b - 18 royal jellies
 d - 13 bread rations
 l - 10 fruits
 z - 5 meat rations


   Skills:
 - Level 9.2 Fighting
 - Level 7.1 Staves
 - Level 6.0 Dodging
 - Level 2.1 Stealth
 - Level 4.0 Shields
 - Level 6.0 Spellcasting
 - Level 10.1 Conjurations
 - Level 0.7 Transmutations
 + Level 13.6 Earth Magic
 - Level 6.3 Evocations


You had 9 spell levels left.
You knew the following spells:

 Your Spells              Type           Power        Failure   Level  Hunger
a - Sandblast             Erth           ######       1%          1    None
b - Stone Arrow           Conj/Erth      ######       1%          3    ##.....
c - Passwall              Tmut/Erth      ######....   1%          2    None
d - Lee's Rapid Deconstr  Erth           ######....   1%          5    #####..
e - Petrify               Tmut/Erth      ######..     2%          4    ####...


Dungeon Overview and Level Annotations

Branches:
Dungeon (10/15)            Temple (1/1) D:4            Lair (4/6) D:10
 Shoals (0/4) Lair:2       Spider (0/4) Lair:3          Orc (0/2) D:10

Altars:
Ashenzari
Cheibriados
Dithmenos
Elyvilon
Fedhas
Gozag
Hepliaklqana
Kikubaaqudgha
Makhleb
Nemelex Xobeh
Okawaru
Qazlal
Ru
Sif Muna
Trog
Uskayaw
Vehumet
Wu Jian
Xom
Yredelemnul
Zin
The Shining One

Shops:
D:6 !   D:10 (

Annotations:
D:9 1 runed door, ImbarsBidbib's ghost, journeyman MiBe
Lair:4 EyeSore's ghost, journeyman DDEE


Innate Abilities, Weirdness & Mutations

You are resistant to torment.
Your stone body is resilient. (AC +9)
You are immune to poison.
You resist negative energy. (rN+)
You are resistant to electric shocks. (rElec)
You can survive without breathing.
You are immune to petrification.
You are immune to rotting.
You are partially covered in icy blue scales. (AC +2)
You are very agile. (Dex +4)
You passively map a small area around you.


Message History

Confirm with . or Enter, or press ? or * to list all spells.
Aiming: Sandblast
Press: ? - help, Shift-Dir - straight line, f/p - EyeSore's ghost
Aim: EyeSore's ghost, wielding a weapon of flaming (severely damaged)
You feel a surge of power!
The blast of sand hits EyeSore's ghost.
EyeSore's ghost is severely damaged.
n - 40 stones EyeSore's ghost casts a spell at you.
The blast of sand misses you.
Unknown command.
You hit EyeSore's ghost but do no damage.
EyeSore's ghost is severely damaged.
EyeSore's ghost casts a spell at you. The bolt of magma misses you.
You hit EyeSore's ghost but do no damage.
EyeSore's ghost is severely damaged.
EyeSore's ghost gestures at you while chanting.
The bolt of magma hits you!
Ouch! That really hurt!
You die...

....<.........##P..#...#.
...................... ,
..##..##.#............,
..####.#........#....,
......................
....##................ .
###.........P....
,...##.#...P##..P.....
,......W@....#...#...#
............#........ *
....................#
............#.. ,
............#..
.......§...... ,
≈≈≈..$§≈≈...... ,
##≈...≈§§§..... , * ≈ , ,
, ,


You could see EyeSore's ghost.

Vanquished Creatures
  4 hydras
  The ghost of Deathtrap2010 the Cleaver, a novice MiFi of Okawaru (Lair:2)
  2 two-headed ogres
  The ghost of Deofuta the Blocker, a novice MiFi of Okawaru (Lair:1)
  Urug (Lair:2)
  The ghost of face the Stinger, a novice BaVM of Wu Jian (D:7)
  An unseen horror (D:10)
  A manticore (Lair:2)
  A torpor snail (Lair:3)
  4 spiny frogs
  3 komodo dragons
  4 rime drakes
  2 queen bees (Lair:3)
  A jumping spider (Lair:3)
  A blink frog (Lair:3)
  Prince Ribbit (D:5)
  2 dream sheep
  6 hippogriffs
  A spriggan (D:7)
  3 wyverns (Lair:3)
  5 basilisks
  4 yaks (Lair:3)
  2 hungry ghosts (D:8)
  2 steam dragons
  11 water moccasins
  8 porcupines
  3 orc warriors
  2 black bears
  3 ice beasts
  4 ogres
  4 phantoms
  2 necrophages
  4 centaurs
  10 crocodiles
  2 big kobolds
  11 bullfrogs
  2 wyvern skeletons
  6 scorpions
  56 killer bees
  7 wights
  2 howler monkeys
  An electric eel (Lair:4)
  2 crimson imps
  4 hounds
  A quasit (D:9)
  3 jellies
  A bullfrog zombie (D:9)
  3 orc priests
  Crazy Yiuf (D:2)
  10 orc wizards
  2 bullfrog skeletons (D:6)
  2 hell rats (Lair:3)
  Ijyb (D:3)
  Terence (D:3)
  An iguana (D:9)
  10 worker ants
  A killer bee zombie (D:6)
  A hound zombie (D:7)
  4 hound skeletons
  A worker ant zombie (D:5)
  Robin (D:3)
  3 gnolls
  12 adders
  A river rat (Lair:3)
  2 shadow imps
  An ooze (D:5)
  An adder zombie (D:5)
  4 worms (D:3)
  4 dart slugs
  5 leopard geckos
  32 orcs
  10 bats
  7 giant cockroaches
  20 goblins
  10 hobgoblins
  10 jackals
  5 quokkas
  7 frilled lizards
  13 kobolds
  A quokka skeleton (D:9)
  A quokka zombie (D:6)
  9 rats
400 creatures vanquished.

Vanquished Creatures (collateral kills)
  An orc priest (D:9)
  An iguana (D:9)
2 creatures vanquished.

Vanquished Creatures (others)
  A quokka (D:6)
  A fungus (Lair:3)
  A plant (Lair:3)
3 creatures vanquished.

Grand Total: 405 creatures vanquished

Notes
Turn   | Place    | Note
-------+----------+-------------------------------------------
     0 | D:1      | gressup the Gargoyle Earth Elementalist began the quest for the Orb.
     0 | D:1      | Reached XP level 1. HP: 10/10 MP: 3/3
    25 | D:1      | Reached skill level 4 in Earth Magic
   283 | D:1      | Reached XP level 2. HP: 15/15 MP: 1/5
   756 | D:1      | Reached skill level 5 in Earth Magic
   756 | D:1      | Reached XP level 3. HP: 11/19 MP: 2/6
   880 | D:1      | Learned a level 3 spell: Stone Arrow
  1177 | D:1      | Learned a level 2 spell: Passwall
  1178 | D:2      | Found a shadowy altar of Dithmenos.
  1417 | D:2      | Found a runed door.
  1657 | D:2      | Reached skill level 1 in Conjurations
  2072 | D:2      | Noticed Crazy Yiuf
  2076 | D:2      | Killed Crazy Yiuf
  2076 | D:2      | Reached XP level 4. HP: 24/24 MP: 0/7
  2710 | D:3      | Found a sparkling altar of Nemelex Xobeh.
  2778 | D:3      | Noticed Terence
  2791 | D:3      | Killed Terence
  2791 | D:3      | Reached XP level 5. HP: 27/28 MP: 0/8
  2976 | D:3      | Reached skill level 6 in Earth Magic
  3232 | D:3      | Noticed Ijyb
  3240 | D:3      | Killed Ijyb
  3671 | D:3      | Noticed Robin
  3714 | D:3      | Reached XP level 6. HP: 32/32 MP: 0/9
  3811 | D:3      | Killed Robin
  3832 | D:3      | Gained mutation: Your spells are a little harder to cast, but a little more powerful. [potion of mutation]
  3832 | D:3      | Gained mutation: You have a pair of small horns on your head. [potion of mutation]
  3832 | D:3      | Gained mutation: You evolve. [potion of mutation]
  3832 | D:3      | Gained mutation: You passively map a small area around you. [potion of mutation]
  3837 | D:3      | Lost mutation: You have a pair of small horns on your head. [evolution]
  4324 | D:4      | Found a staircase to the Ecumenical Temple.
  4688 | D:3      | Reached skill level 7 in Earth Magic
  4973 | Temple   | Entered the Ecumenical Temple
  5123 | Temple   | Became a worshipper of Vehumet
  5493 | D:4      | Found a blossoming altar of Fedhas.
  5615 | D:4      | Found a white marble altar of Elyvilon.
  5967 | D:4      | Reached XP level 7. HP: 34/36 MP: 4/10
  5970 | D:4      | Reached skill level 5 in Conjurations
  6251 | D:5      | Entered Level 5 of the Dungeon
  6536 | D:5      | Reached skill level 8 in Earth Magic
  6812 | D:5      | Reached XP level 8. HP: 40/41 MP: 7/11
  6815 | D:5      | Reached * piety under Vehumet
  6815 | D:5      | Offered knowledge of Shock by Vehumet.
  6815 | D:5      | Reached skill level 1 in Evocations
  7019 | D:5      | Noticed Edmund
  7028 | D:5      | Noticed Edmund
  7028 | D:5      | Edmund changed into Edmund the crocodile
  7073 | D:5      | Killed Edmund the crocodile
  7670 | D:5      | Noticed Prince Ribbit
  7717 | D:5      | Killed Prince Ribbit
  7788 | D:5      | Learned a level 5 spell: Lee's Rapid Deconstruction
  7868 | D:6      | Found Pirript's Distillery.
  8035 | D:6      | Reached skill level 9 in Earth Magic
  8116 | D:6      | Noticed a two-headed ogre
  8219 | D:6      | Learned a level 4 spell: Petrify
  8315 | D:6      | Killed a two-headed ogre
  8315 | D:6      | Reached XP level 9. HP: 57/57 MP: 0/15
  8875 | D:6      | Bought a potion of brilliance for 48 gold pieces
  8875 | D:6      | Bought a potion of haste for 120 gold pieces
  8875 | D:6      | Bought a potion of haste for 120 gold pieces
  9185 | D:7      | Reached skill level 10 in Earth Magic
  9364 | D:7      | Found a burning altar of Makhleb.
  9367 | D:7      | Offered knowledge of Magic Dart by Vehumet.
  9405 | D:7      | Reached ** piety under Vehumet
  9846 | D:7      | Gained mutation: You are agile. (Dex +2) [evolution]
  9881 | D:7      | Reached XP level 10. HP: 63/63 MP: 3/16
 10061 | D:7      | Noticed face's ghost (novice BaVM)
 10077 | D:7      | Killed face's ghost
 10077 | D:7      | Reached skill level 10 in Conjurations
 10222 | D:8      | Offered knowledge of Searing Ray by Vehumet.
 10563 | D:8      | Reached *** piety under Vehumet
 10795 | D:9      | Found a snail-covered altar of Cheibriados.
 10821 | D:9      | Found a runed door.
 11032 | D:9      | Noticed ImbarsBidbib's ghost (journeyman MiBe)
 12029 | D:9      | Offered knowledge of Dazzling Spray by Vehumet.
 12184 | D:9      | Gained mutation: You are partially covered in icy blue scales. (AC +2) [evolution]
 12248 | D:9      | Found a glowing golden altar of the Shining One.
 12354 | D:9      | Noticed a two-headed ogre
 12361 | D:9      | Killed a two-headed ogre
 12439 | D:9      | Reached XP level 11. HP: 68/68 MP: 17/20
 12493 | D:9      | Found a radiant altar of Vehumet.
 12827 | D:9      | Found a shimmering altar of Xom.
 12829 | D:9      | Found an iron altar of Okawaru.
 12829 | D:9      | Found a white marble altar of Elyvilon.
 12831 | D:9      | Found a shadowy altar of Dithmenos.
 12831 | D:9      | Found a blossoming altar of Fedhas.
 12831 | D:9      | Found a sacrificial altar of Ru.
 13868 | D:10     | Entered Level 10 of the Dungeon
 13875 | D:10     | Reached **** piety under Vehumet
 13879 | D:10     | Found Disoinil's Antique Weapon Emporium.
 13898 | D:10     | Killed an unseen horror
 13995 | D:10     | Found a staircase to the Lair.
 13997 | D:10     | Reached skill level 11 in Earth Magic
 14016 | Lair:1   | Entered Level 1 of the Lair of Beasts
 14017 | Lair:1   | Noticed Deofuta's ghost (novice MiFi)
 14027 | Lair:1   | Killed Deofuta's ghost
 14027 | Lair:1   | Offered knowledge of Fulminant Prism by Vehumet.
 14314 | Lair:1   | Reached skill level 12 in Earth Magic
 14491 | Lair:1   | Lost mutation: Your spells are a little harder to cast, but a little more powerful. [evolution]
 14562 | Lair:1   | Noticed a seven-headed hydra
 14571 | Lair:1   | Killed a seven-headed hydra
 15187 | Lair:1   | Reached skill level 13 in Earth Magic
 15638 | Lair:2   | Found a staircase to the Shoals.
 15638 | Lair:2   | Noticed a manticore
 15641 | Lair:2   | Killed a manticore
 15828 | Lair:2   | Noticed Deathtrap2010's ghost (novice MiFi)
 15848 | Lair:2   | HP: 2/71 [Deathtrap2010's ghost (2)]
 15867 | Lair:2   | Killed Deathtrap2010's ghost
 15867 | Lair:2   | Reached XP level 12. HP: 23/76 MP: 3/21
 16452 | Lair:2   | Noticed Urug
 16463 | Lair:2   | Killed Urug
 16843 | Lair:2   | Noticed a seven-headed hydra
 16851 | Lair:2   | Killed a seven-headed hydra
 16851 | Lair:2   | Reached skill level 5 in Staves
 17481 | Lair:3   | Reached skill level 5 in Evocations
 17605 | Lair:3   | Identified a scroll of acquirement
 17606 | Lair:3   | Got a faintly glowing shield
 17617 | Lair:3   | Identified the -3 shield of Atheism {rC+} (You acquired it on level 3 of the Lair of Beasts)
 18046 | Lair:3   | Found a hole to the Spider Nest.
 18857 | Lair:3   | Noticed an eight-headed hydra
 18860 | Lair:3   | Killed an eight-headed hydra
 18915 | Lair:3   | Gained mutation: You are very agile. (Dex +4) [evolution]
 18915 | Lair:3   | Lost mutation: You evolve. [end of evolution]
 18920 | Lair:3   | Noticed a seven-headed hydra
 18925 | Lair:3   | Killed a seven-headed hydra
 19013 | Lair:3   | Reached ***** piety under Vehumet
 19013 | Lair:3   | Reached skill level 5 in Dodging
 19015 | Lair:3   | Offered knowledge of Bolt of Magma by Vehumet.
 19339 | Lair:3   | Reached XP level 13. HP: 70/80 MP: 22/22
 19349 | Lair:3   | Reached skill level 1 in Shields
 19925 | Lair:4   | Noticed EyeSore's ghost (journeyman DDEE)
 19978 | Lair:4   | Killed from afar by EyeSore's ghost

Vault maps used:
D:1:      erik_arrival_cave_to_civilisation, serial_bayou_pond_c
D:2:      grunt_dithmenos_smoke_and_mirrors, uniq_crazy_yiuf_cottage
D:3:      nemelex_xobeh_ov_fountains_minmay, st_stairs_10,
          minmay_goblin_kobold_house, uniq_terence, uniq_robin, uniq_ijyb
D:4:      kennysheep_mini_moat, elyvilon_altar_1, minmay_temple_entry_overgrown,
          hangedman_decor_points, kennysheep_generic_room_6
D:5:      first_bread, minmay_misc_feat_columns, uniq_edmund,
          uniq_prince_ribbit1
D:6:      cheibrodos_fzero, serial_shops, nicolae_shop_window_shopping
D:7:      makhleb_blood_cavern_becter, the_bakery
D:8:      hex_medium, minmay_misc_feat_pillars, supply_closet_lemuel
D:9:      tso_altar, overflow_temple_1_default, basic_altar, st_stairs_6,
          minmay_st_funbox, doesnt_xom_only_xom
D:10:     grunt_lair_entry_orc_guard_hut, orc_0_dummy, serial_shops,
          shop_statue, shop, shop, shop_coins, nicolae_shop_statue_plus,
          uniq_erolcha
Temple:   regret_index_temple_sphere_string
Lair:1:   grunt_megastairs_1, serial_bayou_shore_b
Lair:2:   minmay_shoals_entry_beasts, uniq_urug
Lair:3:   regret_index_wax_grids, spider_nest_entry_a, special_room
Lair:4:   infiniplex_staircase_pool, serial_bayou_shore_b, lemuel_fruit_tree

Skill      XL: |  1  2  3  4  5  6  7  8  9 10 11 12 13 |
---------------+----------------------------------------+-----
Earth Magic    | 4 5 6 7 8 9 10 13 | 13.6
Conjurations   | 1 2 3 4 6 8 10 | 10.1
Evocations     | 1 2 6 |  6.3
Fighting       | 7 8 9 |  9.2
Spellcasting   | 4 6 |  6.0
Dodging        | 4 6 |  6.0
Staves         | 4 7 |  7.1
Shields        | 4 |  4.0
Stealth        | |  2.1
Transmutations | |  0.7

Action                   |  1- 3 |  4- 6 |  7- 9 | 10-12 | 13-15 || total
-------------------------+-------+-------+-------+-------+-------++-------
Melee: Unarmed           |    18 |       |       |       |       ||    18
       Mace              |    19 |       |       |       |       ||    19
       Quarterstaff      |       |    35 |    41 |    14 |       ||    90
       Staff             |       |       |       |   120 |    38 ||   158
Throw: Stone             |     5 |    11 |    19 |    13 |     2 ||    50
       Javelin           |       |       |       |     2 |       ||     2
 Cast: Sandblast         |    64 |    67 |    55 |   159 |    21 ||   366
       Stone Arrow       |     3 |    34 |   101 |   258 |    54 ||   450
       Lee's Rapid Decon |       |       |     2 |     4 |       ||     6
       Petrify           |       |       |     1 |       |       ||     1
Evoke: Wand              |       |       |       |     7 |       ||     7
  Use: Scroll            |     6 |     6 |     2 |    13 |       ||    27
       Potion            |       |     1 |     1 |     2 |     1 ||     5
 Stab: Distracted        |       |       |       |     1 |       ||     1
  Eat: Chunk             |    13 |    17 |    17 |    19 |     3 ||    69
       Royal jelly       |       |       |       |     4 |       ||     4
       Fruit             |       |       |       |     2 |       ||     2
       Meat ration       |       |       |       |     3 |       ||     3
Armor: Robe              |    34 |    66 |    40 |   192 |    32 ||   364
Dodge: Dodged            |    79 |    78 |    62 |   239 |    43 ||   501
Block: Buckler           |       |       |       |    24 |    11 ||    35
